 Dungeon Crawl Stone Soup version 0.26-a0-613-g4f23886233 (webtiles) character file.

Game seed: 13902027118797962789

131 DogServant the Skirmisher (level 5, 0/43 HPs)
             Began as a Formicid Fighter on Sept 11, 2020.
             Slain by Grinder (2 damage)
             ... on level 3 of the Dungeon.
             The game lasted 00:02:37 (1962 turns).

DogServant the Skirmisher (Formicid Fighter)        Turns: 1962, Time: 00:02:38

Health: 0/43       AC:  7    Str: 21    XL:     5   Next: 37%
Magic:  5/5        EV:  7    Int:  8    God:
Gold:   67         SH:  9    Dex: 10    Spells: 4/4 levels left

rFire    . . .     SeeInvis +   a - +0 war axe
rCold    . . .     Faith    .   c - +0 kite shield
rNeg     . . .     Spirit   .   b - +1 scale mail
rPois    .         Reflect  .   (helmet unavailable)
rElec    .         Harm     .   (no cloak)
rCorr    .                      (no gloves)
MR       .....                  (no boots)
Stlth    ..........             (no amulet)
HPRegen  0.14/turn              (no ring)
MPRegen  0.09/turn              (no ring)

@: mighty
A: permanent stasis, dig shafts and tunnels, four strong arms, antennae 3
a: Dig, Shaft Self


You were on level 3 of the Dungeon.
You visited 1 branch of the dungeon, and saw 3 of its levels.

You collected 67 gold pieces.

Inventory:

Hand Weapons
 a - a +0 war axe (weapon)
Armour
 b - a +1 scale mail (worn)
 c - a +0 kite shield (worn)
Scrolls
 e - 2 scrolls of remove curse
 g - 2 scrolls of identify
 h - a scroll of fear {unknown}
 k - a scroll of random uselessness {unknown}
 l - 2 scrolls of teleportation {unknown}
 m - a scroll of fog {unknown}
 n - 2 scrolls of blinking {unknown}
Potions
 f - a potion of degeneration {unknown}
 i - a potion of stabbing {unknown}
 j - a potion of curing {unknown}


   Skills:
 + Level 4.9 Fighting
 + Level 3.9 Axes
 - Level 3.3 Armour
 - Level 3.6 Shields


You had 4 spell levels left.
You didn't know any spells.
Your spell library was empty.

Dungeon Overview and Level Annotations

Branches:
Dungeon (3/15)

Altars:
Kikubaaqudgha
Makhleb
Nemelex Xobeh

Annotations:
D:3 Grinder


Innate Abilities, Weirdness & Mutations

You cannot be hasted, slowed, berserked, paralysed or teleported.
You can dig through walls and to a lower floor.
Your four strong arms can wield two-handed weapons with a shield.
You have a pair of large antennae on your head. (SInv)


Message History

The orc throws a boomerang.
You block the boomerang.
The weapon returns to the orc!
Grinder hits you.
You writhe in agony.
* * * LOW HITPOINT WARNING * * *
The orc throws a boomerang.
The boomerang hits you but does no damage.
The weapon returns to the orc!
You barely miss Grinder.
Grinder is heavily wounded.
Grinder gestures at you.
Your stasis prevents you from being paralysed.
The orc throws a boomerang.
The boomerang barely misses you.
The weapon returns to the orc!
You closely miss Grinder.
Grinder is heavily wounded.
You block Grinder's attack.
The orc throws a boomerang.
The boomerang hits you but does no damage.
The weapon returns to the orc!
Grinder hits you!
* * * LOW HITPOINT WARNING * * *
You writhe in agony.
You die...

..._..o.......#.
.o_8_..###.#.<..
###+##......#........
#...........#........
+........+..#........
#(.......##.#........
#........+...........
#..).....##.#........
#...@5...##(#.......†
.............(.)(((......
###############(#.###.#..
#(#.# #.#..
#######(#.###.#..
.......(#......).
#######.#..##.#.#
.......)........#
###.###.#####.###


You could see Grinder and an orc.

Vanquished Creatures
  2 orc wizards (D:3)
  2 adders (D:2)
  An ooze (D:1)
  3 worms (D:2)
  5 dart slugs
  A leopard gecko (D:1)
  An orc (D:3)
  A giant cockroach (D:1)
  2 hobgoblins
  5 kobolds
  4 bats
  2 frilled lizards (D:1)
  5 goblins
  6 rats
40 creatures vanquished.

Notes
Turn   | Place    | Note
-------+----------+-------------------------------------------
     0 | D:1      | DogServant the Formicid Fighter began the quest for the
                  | Orb.
     0 | D:1      | Reached XP level 1. HP: 18/18 MP: 1/1
   216 | D:1      | Reached XP level 2. HP: 24/24 MP: 2/2
   493 | D:1      | Reached XP level 3. HP: 28/30 MP: 3/3
   958 | D:2      | Reached skill level 4 in Fighting
  1349 | D:2      | Reached XP level 4. HP: 37/37 MP: 4/4
  1766 | D:3      | Reached XP level 5. HP: 36/43 MP: 5/5
  1945 | D:3      | Found an ancient bone altar of Kikubaaqudgha.
  1945 | D:3      | Found a sparkling altar of Nemelex Xobeh.
  1946 | D:3      | Found a burning altar of Makhleb.
  1950 | D:3      | Noticed Grinder
  1962 | D:3      | HP: 2/43 [Grinder (8)]
  1962 | D:3      | Slain by Grinder

Illustrated notes

Levels and vault maps discovered:
D:1:      lemuel_arrival_behind_the_door_small, layout_basic
D:2:      layout_loops_ring
D:3:      layout_basic, chequers_temple_overflow_statue_of_worship,
          uniq_natasha, uniq_sigmund, uniq_grinder

Skill      XL: |  1  2  3 |
---------------+----------+-----
Fighting       | 4 |  4.9
Axes           | 3 |  3.9
Armour         | |  3.3
Shields        | |  3.6

Action                   |  1- 3 |  4- 6 || total
-------------------------+-------+-------++-------
Melee: War axe           |   104 |    35 ||   139
  Use: Scroll            |     3 |       ||     3
       Potion            |       |     1 ||     1
Armor: Scale mail        |    43 |    12 ||    55
Dodge: Dodged            |    27 |    15 ||    42
Block: Kite shield       |    54 |    17 ||    71

Table legend: (Time is in decaauts)
 A = Elapsed time spent in this place.
 B = Non-inter-level travel time spent in this place.
 C = Inter-level travel time spent in this place.
 D = Time resting spent in this place.
 E = Time spent auto-exploring this place.
 F = Levels seen in this place.
 G = Mean time per level.
                   A        B        C        D        E       F      G
               +--------+--------+--------+--------+--------+-----+--------+
         Total |   2018 |   1961 |     57 |      0 |   1591 |   3 |  672.7 |
       Dungeon |   2018 |   1961 |     57 |      0 |   1591 |   3 |  672.7 |
               +--------+--------+--------+--------+--------+-----+--------+

Top non-repeatable levels by time:
     D:1: 950 daAuts
     D:2: 834 daAuts
     D:3: 233 daAuts
